cohdb
Replays
Latest Replays
All Replays
Popular Replays
Top Player Replays
Match Explorer
How It Works
Community
CoH3 Stats
Reddit
Sign in to upload your games and track your stats! →
Sign in with Steam
Match 42579641
Unlisted
Match 42579641
Overview
Messages
Build Orders
End
Construct Weapon Support Center
Scout Squad
Selects Heavy Weapons
M1919 Machine Gun Team
Bazooka Squad
Engineer Squad
Engineer Squad
Selects Assault Carriers
Mechanized Support Center
.30 cal Machine Gun
M3 Assault Carrier
M3 Assault Carrier
Selects Exchangeable Parts
M1919 Machine Gun Team
Construct Barracks
Riflemen Squad
M1919 Machine Gun Team
Construct Motor Pool
Scout Squad
M1 Anti-tank Gun Team
Scout Squad
Riflemen Squad
Designate Forward Repair Station
Construct Tank Depot
M18 Hellcat Tank Destroyer
Riflemen Squad
Scooter
烧花鸭烧雏鸡儿烧子鹅
0
0
Comments
sign in to comment!
No comments posted yet!